AoeStats
← Crazy_Owl

MegaRandom

506870030Analyzed
1v1 RM · 18d ago on Sep 15, 2026· 45m 58s· 2 players
Game mode
Random Map
Map size
Tiny (2 player)
Population
200
Speed
Normal
Resources
Standard
Victory
Conquest
Starting age
Dark Age
Ending age
Imperial Age
RankedLock teamsTeams togetherTeam positionsShared explorationLock speedFull tech treeHidden civsTurbo modeCheats
Victory
Defeat
🇫🇷 Burgundians · France
898
+15
🇳🇱 Mongols · Netherlands
876
-15
Crazy_Owl
8:15 Loom
10:42 Feudal Age
17:21 Double-Bit Axe
17:25 Horse Collar
19:59 Fletching
23:02 Castle Age
25:25 Wheelbarrow
31:05 Murder Holes
35:05 Heavy Plow
40:41 Imperial Age
39:20 Gold Mining
39:49 Bow Saw
41:50 Masonry
42:47 Chemistry
ElGoujonVeloco
6:13 Loom
8:50 Horse Collar
11:52 Feudal Age
12:18 Man-at-Arms
15:16 Gold Mining
18:36 Castle Age
16:44 Stone Mining
19:21 Stone Shaft Mining
21:11 Cavalier
32:37 Elite Skirmisher
38:27 Imperial Age
36:57 Ballistics
40:09 Fletching
43:20 Chemistry
42:27 Padded Archer Armor
Connection lost

Rejoining the realm…

Still unreachable

The connection could not be restored.

Session expired

The server has moved on; the page needs a fresh start.